 Dungeon Crawl Stone Soup version 0.15-a0-357-gf0ffff9 (webtiles) character file.

123 MrRokkomies the Shooter (level 3, -4/20 HPs)
             Began as a Gargoyle Hunter on May 3, 2014.
             Slain by Crazy Yiuf
             ... wielding a +4,+4 quarterstaff of chaos
              (12 damage)
             ... on Level 2 of the Dungeon.
             The game lasted 00:04:04 (1236 turns).

MrRokkomies the Shooter (Gargoyle Hunter)           Turns: 1236, Time: 00:04:04

HP  -4/20        AC  9     Str 16      XL: 3   Next: 54%
MP   3/3         EV  8     Int 11      God:
Gold 81          SH  0     Dex 10      Spells:  0 memorised,  2 levels left

rFire  . . .     SeeInvis .     b - +1 bow
rCold  . . .     Clarity  .     i - +0 scale mail
rNeg   + . .     Conserve .     (no shield)
rPois  +         rCorr    .     (no helmet)
rElec  +         rRot     +     (no cloak)
SustAb . .       Spirit   .     (no gloves)
rMut   .         Warding  .     (no boots)
Saprov . . .     Stasis   .     (no amulet)
MR     +....                    (no ring)
                                h - ring of protection from magic

@: somewhat resistant to hostile enchantments, extremely unstealthy
A: life protection 1, electricity resistance, unbreathing, petrification
resistance, AC +3
a: no special abilities


You were on level 2 of the Dungeon.
You were not hungry.

You visited 1 branch of the dungeon, and saw 2 of its levels.

You collected 81 gold pieces.

Inventory:

Hand weapons
 a - a +2,+2 short sword of draining
 b - a +1,+1 bow (weapon)
 m - a +0,+0 short sword
Missiles
 c - 50 arrows (quivered)
 d - 6 curare-tipped needles
Armour
 i - a +0 scale mail (worn)
Comestibles
 f - 2 bread rations
 g - 3 meat rations
Jewellery
 h - a ring of protection from magic (left hand)
Potions
 e - a potion of restore abilities
 j - a potion of brilliance {unknown}
 l - 2 potions of curing {unknown}


   Skills:
 - Level 1.1 Fighting
 + Level 5.0 Bows
 * Level 0.7 Armour
 - Level 1.6 Dodging
 - Level 1.1 Stealth


You had 2 spell levels left.
You didn't know any spells.

Dungeon Overview and Level Annotations

Branches:
Dungeon (2/15)

Altars:

Annotations:
D:2 Crazy Yiuf


Innate Abilities, Weirdness & Mutations

You are resistant to torment.
You are immune to poison.
You are immune to rotting.
Your stone body is very resilient (AC +3).
You resist negative energy.
You are resistant to electric shocks.
You can survive without breathing.
You are immune to petrification.


Message History

Crazy Yiuf hits you with a quarterstaff of chaos!
Firing (i - inventory):
c - 53 arrows (quivered)
Press: ? - help, Shift-Dir - straight line, f/p - Crazy Yiuf
Aim: Crazy Yiuf, wielding a quarterstaff of chaos and wearing a cloak (moderately wounded)
You shoot an arrow. The arrow hits Crazy Yiuf.
Crazy Yiuf is moderately wounded.
Firing (i - inventory):
c - 52 arrows (quivered)
Press: ? - help, Shift-Dir - straight line, f/p - Crazy Yiuf
Aim: Crazy Yiuf, wielding a quarterstaff of chaos and wearing a cloak (moderately wounded)
You shoot an arrow. The arrow hits Crazy Yiuf.
Crazy Yiuf is heavily wounded.
Crazy Yiuf hits you with a quarterstaff of chaos.
Firing (i - inventory):
c - 51 arrows (quivered)
Press: ? - help, Shift-Dir - straight line, f/p - Crazy Yiuf
Aim: Crazy Yiuf, wielding a quarterstaff of chaos and wearing a cloak (heavily wounded)
You shoot an arrow. The arrow hits Crazy Yiuf.
Crazy Yiuf is heavily wounded.
Crazy Yiuf hits you with a quarterstaff of chaos!
Ouch! That really hurt!
You die...

#...# ######♣♣♣♣♣
######....♣.♣♣♣
#..........♣..♣ #####
#.........♣♣♣♣g #...#
#........♣♣ ♣♣
#...######.....##♣♣
#..............#
#......@g(.....#
#..........##### #######
#..........# #......
#..%######## #......
#...##############......
+...'............'......
#...##############......
#...# #...... #####
#######


You could see Crazy Yiuf.

Vanquished Creatures
  An ooze (D:1)
  9 bats
  A giant cockroach (D:1)
  2 goblins (D:1)
  5 hobgoblins
  4 jackals (D:1)
  7 kobolds (D:1)
  2 quokkas (D:2)
  4 giant newts
  2 rats (D:1)
37 creatures vanquished.

Notes
Turn   | Place    | Note
--------------------------------------------------------------
     0 | D:1      | MrRokkomies, the Gargoyle Hunter, began the quest for the Orb.
     0 | D:1      | Reached XP level 1. HP: 12/12 MP: 1/1
   139 | D:1      | Reached XP level 2. HP: 14/16 MP: 2/2
   387 | D:1      | Reached XP level 3. HP: 18/20 MP: 3/3
   601 | D:1      | Reached skill level 5 in Bows
  1214 | D:2      | Noticed Crazy Yiuf
  1236 | D:2      | Slain by Crazy Yiuf

Action                   || total
-------------------------++-------
Melee: Short sword       ||   104
 Fire: Bow               ||    31
  Use: Scroll            ||     5
